 Dungeon Crawl Stone Soup version 0.19.1-1-g22dce08 (webtiles) character file.

1709 theAP the Carver (level 9, -5/82 HPs)
             Began as a Hill Orc Fighter on Jan 14, 2017.
             Was a Follower of Beogh.
             Engulfed by a cloud of freezing vapour (10 damage)
             ... on level 5 of the Dungeon.
             The game lasted 00:11:28 (4983 turns).

theAP the Carver (Hill Orc Fighter)                 Turns: 4983, Time: 00:11:29

Health: -5/82      AC:  6    Str: 22    XL:     9   Next: 3%
Magic:  9/9        EV:  7    Int:  8    God:    Beogh [*.....]
Gold:   220        SH:  9    Dex: 10    Spells: 0 memorised, 8 levels left

rFire  + . .     SeeInvis .     a - +1 long sword
rCold  + . .     Gourm    .     b - +0 scale mail
rNeg   . . .     Faith    .     c - +0 shield
rPois  +         Spirit   .     (no helmet)
rElec  +         Reflect  .     (no cloak)
rCorr  +         Harm     .     (no gloves)
MR     +....                    (no boots)
Stlth  ..........               (no amulet)
                                (no ring)
                                d - ring of protection from magic

@: resistant
A: no striking features
a: Renounce Religion


You were on level 5 of the Dungeon.
You worshipped Beogh.
Beogh was aware of your devotion.
You were hungry.

You visited 1 branch of the dungeon, and saw 5 of its levels.

You collected 220 gold pieces.

Inventory:

Hand Weapons
 a - a +1 long sword (weapon)
Armour
 b - a +0 scale mail (worn)
 c - a +0 shield (worn)
Jewellery
 d - a ring of protection from magic (left hand)
Wands
 t - a wand of acid (8/15)
Scrolls
 h - 2 scrolls of amnesia
 k - 2 scrolls of identify
 r - a scroll of fog
 s - 2 scrolls of remove curse
Potions
 e - 3 potions of degeneration
 i - 3 potions of brilliance
 m - a potion of curing
 n - a potion of ambrosia
 o - a potion of cure mutation
 p - a potion of magic
Books
 j - a book of Frost

   Spells                             Type                      Level
   a - Freeze                         Ice                          1
   b - Throw Frost                    Conjuration/Ice              2
   c - Ozocubu's Armour               Charms/Ice                   3
   d - Throw Icicle                   Conjuration/Ice              4
   e - Summon Ice Beast               Ice/Summoning                4
 q - a book of Minor Magic

   Spells                             Type                      Level
   a - Magic Dart                     Conjuration                  1
   b - Blink                          Translocation                2
   c - Call Imp                       Summoning                    2
   d - Repel Missiles                 Charms/Air                   2
   e - Slow                           Hexes                        2
   f - Conjure Flame                  Conjuration/Fire             3
   g - Mephitic Cloud                 Conjuration/Poison/Air       3
Comestibles
 f - 2 bread rations
 l - 2 meat rations


   Skills:
 + Level 8.6 Fighting
 * Level 10.2 Long Blades
 - Level 3.2 Armour
 - Level 3.2 Shields


You had 8 spell levels left.
You didn't know any spells.

Dungeon Overview and Level Annotations

Branches:
Dungeon (5/15)
 Temple: D:4-7

Altars:
Ashenzari
Cheibriados
Elyvilon
Gozag
Hepliaklqana
Makhleb
Nemelex Xobeh
Sif Muna
Vehumet
Yredelemnul

Shops:
D:4 %


Message History

You start to feel less resistant.
Your resistance to elements expires.
There is a stone staircase leading down here.
You see here a leather armour.
You open the door.
Really walk into a travel-excluded area?
There is an open door here.
Really walk into a travel-excluded area? [Y]es or [N]o only, please.
Really walk into a travel-excluded area?
You are engulfed in freezing vapours.
You are engulfed in freezing vapours.
You are engulfed in freezing vapours.
You are engulfed in freezing vapours.
* * * LOW HITPOINT WARNING * * *
You feel protected.
You are engulfed in freezing vapours.
You resist.
* * * LOW HITPOINT WARNING * * *
You are engulfed in freezing vapours.
You resist.
You die...

##### #.##.# #......###....... #
#..#.# #......# #####§.. # ##.#.#
#......# #§§§ #...# ######## #§§§
##..##### #§§§ ##########......#
####
...........>###[#################
.#############8'8################
.....# ##..@§§§§§§§.........
####.# ####################§ #.#
##?!$$(.............§
#.############################
####.#......................#....
.....#.####################.#.##.
####.#.# #.#.##. ###.# #.#.##.
#.# #.#.##.


There were no monsters in sight!

Vanquished Creatures
  The ghost of Thrillho the Destroyer, a novice DECj (D:5)
  Grinder (D:5)
  Sigmund (D:4)
  Menkaure (D:4)
  Duvessa (D:5)
  Purgy (D:4)
  A phantom (D:4)
  2 ogres
  A bullfrog (D:5)
  Dowan (D:5)
  2 scorpions
  2 hounds
  A centaur skeleton (D:4)
  2 iguanas (D:5)
  Robin (D:4)
  A worker ant zombie (D:5)
  3 adders
  An ooze (D:2)
  An adder zombie (D:5)
  5 worms
  2 dart slugs (D:2)
  2 leopard geckos
  4 orcs
  4 giant cockroaches
  16 goblins
  14 hobgoblins
  6 jackals
  8 kobolds
  4 quokkas
  A ball python (D:2)
  4 bats
  3 frilled lizards
  A giant cockroach zombie (D:5)
  A quokka skeleton (D:5)
  3 rats
103 creatures vanquished.

Vanquished Creatures (others)
  An orc (D:3)
1 creature vanquished.

Grand Total: 104 creatures vanquished

Notes
Turn   | Place    | Note
-------+----------+-------------------------------------------
     0 | D:1      | theAP the Hill Orc Fighter began the quest for the Orb.
     0 | D:1      | Reached XP level 1. HP: 19/19 MP: 1/1
   285 | D:1      | Reached XP level 2. HP: 20/27 MP: 2/2
   372 | D:1      | Reached skill level 3 in Long Blades
   660 | D:2      | Reached XP level 3. HP: 30/33 MP: 3/3
   747 | D:2      | Found a sparkling altar of Nemelex Xobeh.
   790 | D:2      | Reached skill level 4 in Long Blades
   892 | D:2      | Reached XP level 4. HP: 26/40 MP: 4/4
  1298 | D:3      | Became a worshipper of Beogh the Brigand
  1396 | D:3      | Reached XP level 5. HP: 20/47 MP: 5/5
  1882 | D:3      | Found a burning altar of Makhleb.
  2277 | D:4      | Noticed Sigmund
  2282 | D:4      | Killed Sigmund
  2282 | D:4      | Reached skill level 5 in Fighting
  2282 | D:4      | Reached skill level 5 in Long Blades
  2282 | D:4      | Reached XP level 6. HP: 47/56 MP: 6/6
  2353 | D:4      | Found Fyuw's Food Shop.
  2371 | D:4      | Noticed Robin
  2391 | D:4      | Reached skill level 6 in Long Blades
  2393 | D:4      | Reached * piety under Beogh
  2408 | D:4      | Killed Robin
  2498 | D:4      | Noticed Purgy
  2548 | D:4      | Killed Purgy
  2765 | D:4      | Reached XP level 7. HP: 18/63 MP: 7/7
  3025 | D:4      | Found a sparkling altar of Nemelex Xobeh.
  3116 | D:4      | Found a white marble altar of Elyvilon.
  3118 | D:4      | Found an opulent altar of Gozag.
  3118 | D:4      | Found a hazy altar of Hepliaklqana.
  3118 | D:4      | Found a snail-covered altar of Cheibriados.
  3118 | D:4      | Found a shattered altar of Ashenzari.
  3121 | D:4      | Found a deep blue altar of Sif Muna.
  3123 | D:4      | Found a basalt altar of Yredelemnul.
  3209 | D:4      | Noticed Menkaure
  3218 | D:4      | Killed Menkaure
  3218 | D:4      | Reached skill level 7 in Long Blades
  3632 | D:5      | Entered Level 5 of the Dungeon
  3709 | D:5      | Reached skill level 8 in Long Blades
  3709 | D:5      | Reached XP level 8. HP: 32/73 MP: 8/8
  3918 | D:5      | Noticed Dowan
  3940 | D:5      | Killed Dowan
  3963 | D:5      | Noticed Grinder
  3966 | D:5      | Found a radiant altar of Vehumet.
  3997 | D:5      | Killed Grinder
  4014 | D:5      | Noticed Duvessa
  4024 | D:5      | HP: 3/73 [Duvessa/short sword (13)]
  4026 | D:5      | Killed Duvessa
  4026 | D:5      | Reached skill level 9 in Long Blades
  4375 | D:5      | Noticed Thrillho's ghost (novice DECj)
  4398 | D:5      | Killed Thrillho's ghost
  4398 | D:5      | Reached skill level 10 in Long Blades
  4594 | D:5      | Reached XP level 9. HP: 81/82 MP: 9/9
  4975 | D:5      | HP: 3/82 [something (14)]
  4983 | D:5      | Engulfed by a cloud of freezing vapour

Skill      XL: |  1  2  3  4  5  6  7  8 |
---------------+-------------------------+-----
Long Blades    | 3 4 5 6 8 10 | 10.2
Fighting       | 4 5 6 7 8 |  8.6
Armour         | |  3.2
Shields        | |  3.2

Action                   |  1- 3 |  4- 6 |  7- 9 || total
-------------------------+-------+-------+-------++-------
Melee: Long sword        |   110 |   212 |   145 ||   467
Invok: Convert to Beogh  |       |     1 |       ||     1
  Use: Scroll            |     4 |     3 |     7 ||    14
       Potion            |       |     3 |     5 ||     8
  Eat: Chunk             |       |     7 |     2 ||     9
       Royal jelly       |       |       |     2 ||     2
Armor: Scale mail        |    63 |   109 |    26 ||   198
Dodge: Dodged            |    47 |    87 |    23 ||   157
Block: Shield            |    60 |   119 |    43 ||   222
       Rpst.: Long sword |    18 |    14 |     9 ||    41
